Map: [ESL] Solaris

Players

PtitDrogo

  • Race: Protoss Protoss
  • Spawn Location: 7:00

goblin - Winner!

  • Race: Protoss Protoss
  • Spawn Location: 1:00

Event: ESL SC2 Masters 2023 Winter (Regional)

VOD

Have the link to the VOD?

Description

Time

  • Played on: Nov. 4, 2023, 9:48 a.m.
  • Length: 10:37

All games in this series

Show
View Real Time Build Order
Export as new Build Order

PtitDrogo Protoss 

Build Orders: Oracle Opening 

Get SALT Encoding   

  12  0:00  Probe  
  13  0:12  Probe  
  14  0:18  Pylon  
  14  0:24  Probe  
  15  0:36  Probe (Chrono Boost)  
  15  0:39  Gateway  
  16  0:47  Assimilator, Probe (Chrono Boost)  
  17  0:52  Probe (Chrono Boost)  
  17  0:55  Assimilator  
  18  1:03  Probe (Chrono Boost)  
  19  1:09  Gateway  
  19  1:13  Probe (Chrono Boost)  
  19  1:18  Probe (Chrono Boost)  
  21  1:25  Cybernetics Core  
  21  1:30  Probe  
  22  1:35  Pylon  
  22  1:42  Probe  
  23  1:54  Probe  
  24  2:02  Adept, Warp Gate, Stalker  
  24  2:06  Probe  
  29  2:12  Pylon  
  29  2:19  Probe  
  30  2:31  Stalker  
  30  2:32  Stalker  
  34  2:40  Stargate  
  34  2:43  Probe  
  35  2:53  Pylon  
  35  2:55  Probe  
  36  3:02  Robotics Facility  
  36  3:09  Probe  
  37  3:15  Shield Battery  
  37  3:20  Oracle (Chrono Boost)  
  40  3:31  Probe  
  41  3:39  Pylon  
  41  3:47  Immortal (Chrono Boost)  
  45  3:57  Adept  
  45  3:58  Adept  
  48  4:12  Probe  
  42  4:27  Probe (Chrono Boost)  
  42  4:36  Nexus  
  42  4:37  Observer  
  43  4:39  Probe (Chrono Boost)  
  43  4:43  Oracle  
  47  4:48  Probe (Chrono Boost)  
  48  4:53  Stalker  
  48  4:57  Probe  
  51  5:05  Pylon  
  51  5:09  Probe  
  52  5:23  Probe  
  52  5:26  Immortal  
  57  5:32  Stalker  
  59  5:36  Probe  
  60  5:46  Observer, Stalker  
  60  5:48  Probe  
  60  5:49  Probe  
  62  6:00  Probe (Chrono Boost)  
  62  6:01  Probe (Chrono Boost)  
  64  6:04  Sentry  
  64  6:10  Probe (Chrono Boost)  
  64  6:11  Probe (Chrono Boost)  
  68  6:15  Probe (Chrono Boost)  
  68  6:16  Probe (Chrono Boost)  
  71  6:26  Probe  
  71  6:31  Immortal (Chrono Boost)  
  72  6:37  Gateway  
  73  6:40  Gateway  
  73  6:43  Gateway  
  73  6:45  Gateway  
  73  6:50  Pylon  
  73  6:56  Sentry x2  
  73  6:59  Warp Prism (Chrono Boost)  
  77  7:04  Pylon  
  78  7:13  Observer  
  78  7:18  Pylon  
  78  7:21  Sentry x2  
  82  7:31  Gateway  
  82  7:32  Pylon  
  82  7:37  Adept x3  
  82  7:40  Adept  
  89  7:53  Adept x2  
  89  7:57  Adept x2  
  97  7:59  Zealot  
  99  8:25  Adept x5  
  105  8:47  Adept x5  
  81  9:15  Stalker x3  
  71  9:26  Stalker  
  71  9:27  Zealot x2  
  57  9:43  Adept x3  
  61  9:52  Immortal (Chrono Boost)  
  57  9:59  Assimilator  
  57  10:01  Assimilator  
  57  10:05  Shield Battery  
  57  10:06  Adept  
  59  10:09  Stalker  
  59  10:12  Zealot x2  
  59  10:13  Adept  
Show
View Real Time Build Order
Export as new Build Order

goblin Protoss - Winner!

Build Orders: Oracle Opening 

Get SALT Encoding   

  12  0:00  Probe  
  13  0:12  Probe  
  14  0:19  Pylon  
  14  0:24  Probe (Chrono Boost)  
  15  0:37  Gateway, Probe (Chrono Boost)  
  16  0:45  Probe (Chrono Boost)  
  16  0:46  Assimilator  
  17  0:51  Probe  
  17  0:54  Assimilator  
  18  1:03  Probe (Chrono Boost)  
  19  1:09  Gateway  
  19  1:13  Probe (Chrono Boost)  
  19  1:18  Probe (Chrono Boost)  
  21  1:26  Cybernetics Core  
  21  1:30  Probe  
  22  1:37  Pylon  
  22  1:42  Probe  
  23  1:55  Probe  
  24  2:02  Adept  
  24  2:04  Adept  
  24  2:07  Stargate  
  28  2:12  Warp Gate  
  28  2:18  Pylon  
  28  2:25  Probe  
  29  2:32  Stalker  
  29  2:36  Stalker  
  33  2:43  Probe  
  34  2:48  Oracle (Chrono Boost)  
  37  2:59  Pylon  
  37  3:00  Probe  
  37  3:05  Shield Battery  
  38  3:13  Probe  
  38  3:18  Oracle (Chrono Boost)  
  42  3:29  Pylon  
  42  3:32  Shield Battery  
  42  3:40  Shield Battery  
  42  4:01  Robotics Facility  
  42  4:05  Stalker x2  
  42  4:17  Nexus  
  42  4:34  Stalker x2  
  42  4:35  Probe  
  47  4:38  Pylon  
  47  4:47  Probe  
  47  4:48  Phoenix  
  50  4:55  Immortal  
  55  5:00  Probe  
  55  5:10  Shield Battery  
  56  5:14  Probe  
  56  5:21  Stalker x2  
  56  5:25  Pylon  
  60  5:31  Probe x2  
  62  5:43  Probe  
  62  5:44  Probe  
  62  5:48  Twilight Council  
  63  5:58  Probe  
  63  5:59  Probe  
  63  6:01  Stalker x2  
  69  6:09  Twilight Council  
  69  6:10  Gateway  
  69  6:12  Probe  
  69  6:17  Probe  
  71  6:21  Assimilator  
  71  6:22  Pylon  
  71  6:27  Blink (Chrono Boost)  
  71  6:29  Probe  
  66  6:34  Probe  
  67  6:41  Probe  
  67  6:44  Observer (Chrono Boost)  
  67  6:46  Probe  
  70  6:53  Probe  
  70  7:07  Nexus  
  69  7:12  Stalker  
  69  7:13  Stalker x2  
  75  7:19  Probe  
  75  7:20  Immortal  
  80  7:23  Probe  
  80  7:26  Phoenix (Chrono Boost)  
  83  7:32  Probe  
  84  7:44  Shield Battery, Pylon  
  84  7:46  Phoenix  
  86  7:53  Adept  
  86  7:54  Adept x2  
  92  8:11  Phoenix  
  92  8:19  Stalker x2  
  96  8:20  Stalker  
  96  8:24  Probe x2  
  96  8:27  Assimilator, Pylon  
  100  8:30  Shield Battery  
  100  8:32  Shield Battery, Pylon  
  100  8:34  Shield Battery  
  92  8:48  Stalker x3  
  92  8:53  Probe  
  76  9:20  Stalker  
  76  9:21  Stalker x2  
  76  9:23  Probe x2  
  80  9:25  Phoenix (Chrono Boost)  
  76  9:35  Probe x2  
  75  9:46  Stalker x2  
  75  9:47  Probe x2  
  81  9:56  Phoenix (Chrono Boost)  
  81  9:59  Probe x2  
  85  10:11  Probe x2  
  87  10:16  Nexus  
  87  10:17  Stalker  
  87  10:18  Phoenix (Chrono Boost)  
  86  10:23  Probe  
  86  10:26  Stalker x2  
Tags
 
Add a new tag
Caveats
  • Supply blocks, unpowered buildings, or Contaminate may cause inaccurate times.
  • Supply counts are checked every 10 seconds.